 Dungeon Crawl Stone Soup version 0.29-a0-844-ge8845773e3 (webtiles) character file.

Game seed: 15695480881151393602

6882 BlueGoblin the Thaumaturge (level 10, -7/52 (53) HPs)
             Began as a Deep Elf Necromancer on July 15, 2022.
             Was a Follower of Kikubaaqudgha.
             Mangled by a vampire (10 damage)
             ... on level 9 of the Dungeon.
             The game lasted 00:35:50 (11220 turns).

BlueGoblin the Thaumaturge (Deep Elf Necromancer)  Turns: 11220, Time: 00:35:51

HP:   -7/52 (53)    AC: 15    Str:  5    XL:     10   Next: 79%
MP:   1/30          EV: 14    Int: 28    God:    Kikubaaqudgha [*.....]
Gold: 432           SH:  0    Dex: 15    Spells: 21/38 levels left

rFire   + + +      SeeInvis .   a - +3 Elemental Staff {rElec rF++ rC++ AC+5}
rCold   + + +      Faith    .   (no shield)
rNeg    . . .      Spirit   .   q - +0 robe
rPois   .          Reflect  .   g - +0 helmet
rElec   +          Harm     .   (no cloak)
rCorr   .          Rampage  .   i - +1 pair of gloves
Will    +....                   t - +0 pair of boots
Stlth   ++........              C - amulet of regeneration
HPRegen 0.97/turn               s - ring "Hearchij" {rF+ rC+ Int+3}
MPRegen 0.22/turn               y - +4 ring of protection

@: about to teleport, animating dead, studying Short Blades, lightly drained
A: no striking features
a: Renounce Religion, Unearth Wretches


You were on level 9 of the Dungeon.
You worshipped Kikubaaqudgha.
Kikubaaqudgha was aware of your devotion.
You visited 2 branches of the dungeon, and saw 10 of its levels.

You collected 536 gold pieces.
You spent 104 gold pieces at shops.

Inventory:

Hand Weapons
 a - the +3 Elemental Staff (weapon) {rElec rF++ rC++ AC+5}
   (You acquired it on level 4 of the Dungeon)

   If the wielder is skilled in Evocations, they can discharge powerful blasts
   of elemental energy when striking with it.
   It enhances your fire, ice, earth and air magic.
   AC:        It affects your AC (+5).
   rF:        It greatly protects you from fire.
   rC:        It greatly protects you from cold.
   rElec:     It insulates you from electricity.
 b - the +7 Singing Sword {vorpal, sonic wave}
   (You found it on level 5 of the Dungeon)

   It inflicts extra damage upon your enemies.
   It radiates damaging sonic waves as it strikes, especially in combat
   involving dangerous or numerous foes.
 A - the +4 hand axe "Gamea" {holy, Str+6 Dex+2}
   (You found it on level 2 of the Dungeon)

   It has been blessed by the Shining One to cause great damage to the undead
   and demons.
   Str:       It affects your strength (+6).
   Dex:       It affects your dexterity (+2).
Armour
 g - a +0 helmet (worn)
 i - a +1 pair of gloves (worn)
 q - a +0 robe (worn)
 t - a +0 pair of boots (worn)
 v - a +1 leather armour of poison resistance
Magical Staves
 j - a staff of cold
 m - a staff of air
Jewellery
 f - a +6 ring of strength
 l - a +6 ring of strength
 s - the ring "Hearchij" (left hand) {rF+ rC+ Int+3}
   (You found it on level 5 of the Dungeon)

   [ring of protection from fire]

   Int:       It affects your intelligence (+3).
   rF:        It protects you from fire.
   rC:        It protects you from cold.
 y - a +4 ring of protection (right hand)
 B - a ring of positive energy
 C - an amulet of regeneration (around neck)
 D - a ring of poison resistance
Wands
 r - a wand of quicksilver (14)
 I - a wand of paralysis (4)
Scrolls
 d - 3 scrolls of identify
 n - 5 scrolls of teleportation
 u - 2 scrolls of enchant armour
 E - 2 scrolls of enchant weapon
 F - 2 scrolls of fog
 G - a scroll of poison
Potions
 c - 3 potions of curing
 e - a potion of flight
 h - 4 potions of mutation
 k - a potion of lignification
 o - a potion of might
 p - 2 potions of brilliance
 w - 2 potions of heal wounds
 x - a potion of invisibility
 z - a potion of attraction
 H - a potion of magic


   Skills:
 + Level 1.8 Fighting
 + Level 6.0 Dodging
 - Level 2.4 Stealth
 + Level 14.8 Spellcasting
 + Level 13.7 Necromancy


You had 21 spell levels left.
You knew the following spells:

 Your Spells              Type           Power      Damage    Failure   Level
a - Animate Dead          Necr           78%        N/A       1%          4
q - Vampiric Draining     Necr           78%        2d11      1%          3
s - Sublimation of Blood  Necr           78%        N/A       0%          2
w - Agony                 Necr           78%        N/A       1%          5
x - Swiftness             Air            31%        N/A       8%          3

Your spell library contained the following spells:

 Spells                   Type           Power      Damage    Failure   Level
 Necrotise                Necr           100%       1d9       0%          1
 Anguish                  Hex/Necr       28%        N/A       1%          4
 Shock                    Conj/Air       100%       1d9       2%          1
 Scorch                   Fire           62%        2d8       3%          2
 Wereblood                Tmut           20%        N/A       3%          2
 Confusing Touch          Hex            20%        N/A       8%          3
 Gell's Gravitas          Tloc           20%        N/A       8%          3
 Teleport Other           Tloc           20%        N/A       8%          3
 Airstrike                Air            15%        0-6+      24%         4
 Flame Wave               Conj/Fire      31%        2d8       24%         4
 Summon Lightning Spire   Summ/Air       31%        N/A       24%         4
 Summon Forest            Summ/Tloc      10%        N/A       56%         5
 Yara's Violent Unravell  Hex/Tmut       10%        3d6       56%         5
 Dispersal                Tloc           10%        N/A       98%         6
 Eringya's Noxious Bog    Tmut/Pois      10%        N/A       98%         6
 Summon Cactus Giant      Summ           10%        N/A       98%         6
 Enfeeble                 Hex            10%        N/A       100%        7
 Storm Form               Tmut/Air       15%        N/A       100%        7
 Summon Hydra             Summ           10%        N/A       100%        7
 Maxwell's Capacitive Co  Air            15%        ∞         100%        8


Dungeon Overview and Level Annotations

Branches:
Dungeon (9/15)             Temple (1/1) D:7
   Lair: D:8-11         Orc: D:9-12

Altars:
Cheibriados
Elyvilon
Fedhas
Gozag
Hepliaklqana
Kikubaaqudgha
Makhleb
Nemelex Xobeh
Okawaru
Qazlal
Trog
Uskayaw
Vehumet
Wu Jian
Xom
Yredelemnul
Zin
The Shining One

Shops:
D:5 !   D:7 *(

Annotations:
D:4 2 transporters, Iidacon's ghost, amateur DgFi
D:9 Erica
Temple 2 transporters


Message History

Aiming: Vampiric Draining (safe; 1% risk of failure)
Press: ? - help, Shift-Dir - straight line, f - gnoll
Aim: a gnoll, wielding a +0 flail You draw life force from the gnoll!
You feel life coursing into your body. Something hits you but does no damage.
You feel drained. Something hits you.
* * * LOW HITPOINT WARNING * * *
Something bites you.
* * * LOW HITPOINT WARNING * * *
Something draws strength from your injuries!
The gnoll hits you with a +0 flail.
* * * LOW HITPOINT WARNING * * *
The gnoll hits you but does no damage.
Okay, then.
Okay, then.
Okay, then.
As you read the scroll of teleportation, it crumbles to dust.
You feel strangely unstable.
You hear some strange, mumbled words.
A puff of flame appears from out of thin air!
The puff of flame hits you but does no damage.
Something barely misses you. x2; The gnoll hits you but does no damage.
The gnoll misses you.
Casting: Vampiric Draining (safe; 1% risk of failure)
Confirm with . or Enter, or press ? or * to list all spells.
Aiming: Vampiric Draining (safe; 1% risk of failure)
Press: ? - help, Shift-Dir - straight line, f/p - gnoll
Aim: a gnoll, wielding a +0 flail (severely wounded)
You draw life force from the gnoll.
You kill the gnoll!
Kikubaaqudgha accepts your kill.
You feel life coursing into your body.
The dead are walking!
The shadow strikes at you from the darkness!
Reactivating autopickup.
A shadow comes into view.
Something barely misses you. Something hits you.
* * * LOW HITPOINT WARNING * * *
Deactivating autopickup; reactivate with Ctrl-A.
Something bites you!
You die...
Kikubaaqudgha rasps: "You have failed me!
Welcome... death!"

#. .##...........# ..
.. ..$...........#
... .##
#..#..........###....
.
.$.........<........
.
###.........####....
#####.#......## ...
.......)..#### ..
####{W.#.# . #@.##.#
#{)###.. ..go## ####
..##.Z .... ###.. #..
...... ##.. . ?....
...


You could see a shadow, a gnoll (ally target), an orc and a friendly gnoll
zombie.

Vanquished Creatures
  A cyclops (D:8)
  9 yaks
  A wyvern (D:8)
  Menkaure (D:4)
  A steam dragon (D:8)
  Edmund (D:4)
  A warg (D:9)
  A water moccasin (D:5)
  3 black bears
  4 ice beasts
  2 centaurs
  2 phantoms
  2 kobold brigands
  Blork the orc (D:5)
  9 scorpions
  3 bullfrogs
  A necrophage (D:4)
  2 wights (D:8)
  2 yak zombies (D:7)
  3 killer bees (D:7)
  2 howler monkeys
  2 hounds (D:5)
  4 jellies
  5 orc priests
  2 gnoll boudas
  3 iguanas
  Ijyb (D:4)
  2 orc wizards
  9 gnolls
  15 adders
  A shadow imp (D:8)
  A white imp (D:5)
  6 worms
  A dart slug (D:5)
  20 orcs
  5 ball pythons
  4 endoplasms
  3 giant cockroaches
  5 goblins
  13 hobgoblins
  7 jackals
  5 quokkas
  8 bats
  A frilled lizard (D:2)
  7 kobolds
  5 rats
187 creatures vanquished.

Vanquished Creatures (collateral kills)
  A hornet (D:8)
  4 yaks
  A phantom (D:6)
  A bullfrog (D:6)
  A scorpion (D:5)
  4 wights (D:8)
  A gnoll bouda (D:9)
  An orc priest (D:6)
  An orc wizard (D:6)
  2 gnolls (D:6)
  2 adders (D:5)
  A white imp (D:7)
  A dart slug (D:2)
  5 orcs
  An endoplasm (D:3)
  2 kobolds (D:6)
  6 bats
  A frilled lizard (D:2)
  An orc zombie (D:9)
37 creatures vanquished.

Vanquished Creatures (others)
  A wyvern zombie (D:8)
  5 yak zombies
  A scorpion zombie (D:7)
  A killer bee zombie (D:7)
  A steam dragon zombie (D:8)
  2 gnoll zombies (D:9)
  2 bat zombies (D:5)
  A kobold zombie (D:6)
  6 fungi (D:5)
20 creatures vanquished.

Grand Total: 244 creatures vanquished

Notes
Turn   | Place    | Note
-------+----------+-------------------------------------------
     0 | D:1      | BlueGoblin the Deep Elf Necromancer began the quest for the
                  | Orb.
     0 | D:1      | Reached XP level 1. HP: 10/10 MP: 6/6
    14 | D:1      | Reached skill level 5 in Necromancy
   131 | D:1      | Reached XP level 2. HP: 15/15 MP: 5/8
   244 | D:1      | Found a faded altar of an unknown god.
  1001 | D:2      | Reached XP level 3. HP: 11/19 MP: 2/9
  1139 | D:2      | Learned a level 3 spell: Vampiric Draining
  1209 | D:2      | Identified the +4 hand axe "Gamea" {holy, Str+6 Dex+2}
  1285 | D:2      | Reached skill level 4 in Spellcasting
  1356 | D:2      | Found a hide-covered altar of Uskayaw.
  1628 | D:2      | Reached XP level 4. HP: 23/24 MP: 8/12
  2126 | D:3      | Reached skill level 5 in Spellcasting
  2234 | D:3      | Learned a level 4 spell: Animate Dead
  2667 | D:3      | Reached XP level 5. HP: 27/28 MP: 10/14
  3045 | D:4      | Found an opulent altar of Gozag.
  3049 | D:4      | Noticed Edmund
  3061 | D:4      | Killed Edmund
  3062 | D:4      | Reached XP level 6. HP: 31/32 MP: 5/16
  3258 | D:4      | Reached skill level 6 in Spellcasting
  3823 | D:4      | Noticed Menkaure
  3832 | D:4      | Killed Menkaure
  3833 | D:4      | Reached skill level 7 in Spellcasting
  3833 | D:4      | Reached XP level 7. HP: 11/36 MP: 17/19
  4354 | D:4      | Found a transporter.
  4479 | D:4      | Noticed Ijyb
  4486 | D:4      | Killed Ijyb
  4628 | D:4      | Reached skill level 8 in Spellcasting
  4655 | D:4      | Identified a scroll of acquirement
  4655 | D:4      | Acquired the +3 Elemental Staff {rElec rF++ rC++ AC+5}
  4655 | D:4      | Found the +3 Elemental Staff {rElec rF++ rC++ AC+5}
  4761 | D:4      | Found a transporter.
  4764 | D:4      | Noticed Iidacon's ghost (amateur DgFi)
  5308 | D:5      | Entered Level 5 of the Dungeon
  5490 | D:5      | Reached XP level 8. HP: 40/42 MP: 22/22
  5589 | D:5      | Reached skill level 9 in Spellcasting
  5956 | D:5      | Found the +7 Singing Sword {vorpal, sonic wave}
  6026 | D:5      | Noticed Blork the orc
  6034 | D:5      | Killed Blork the orc
  6189 | D:5      | Reached skill level 10 in Spellcasting
  6189 | D:5      | Reached skill level 10 in Necromancy
  6398 | D:5      | Identified the ring "Hearchij" {rF+ rC+ Int+3}
  6402 | D:5      | Found Wuix's Distillery.
  6410 | D:5      | Bought a potion of mutation for 104 gold pieces
  6621 | D:5      | Learned a level 5 spell: Agony
  6992 | D:6      | Reached XP level 9. HP: 34/46 MP: 22/25
  7206 | D:6      | Reached skill level 11 in Spellcasting
  7464 | D:6      | Reached skill level 1 in Fighting
  8076 | D:6      | Reached skill level 5 in Dodging
  8147 | D:6      | Learned a level 3 spell: Swiftness
  8198 | D:6      | Reached skill level 12 in Spellcasting
  8657 | D:7      | Found Ducleitz's Weapon Emporium.
  8661 | D:7      | Found Kuiti's General Store.
  8716 | D:7      | Reached skill level 13 in Spellcasting
  8956 | D:7      | Found a white marble altar of Elyvilon.
  9041 | D:7      | Reached XP level 10. HP: 52/52 MP: 19/29
  9347 | D:7      | Found a staircase to the Ecumenical Temple.
  9488 | D:7      | Found a blossoming altar of Fedhas.
  9706 | Temple   | Entered the Ecumenical Temple
  9706 | Temple   | Found a transporter.
  9706 | Temple   | Found a transporter.
  9708 | Temple   | Found a transporter.
  9708 | Temple   | Found a transporter.
  9735 | Temple   | Became a worshipper of Kikubaaqudgha
 10435 | D:8      | Learned a level 2 spell: Sublimation of Blood
 10580 | D:8      | Reached skill level 14 in Spellcasting
 10900 | D:8      | Noticed a cyclops
 10934 | D:8      | Killed a cyclops
 11091 | D:9      | Noticed Erica
 11211 | D:9      | Reached * piety under Kikubaaqudgha
 11211 | D:9      | Received a gift from Kikubaaqudgha
 11220 | D:9      | Mangled by a vampire

Illustrated notes

Levels and vault maps discovered:
D:1:      wander_arrival_lonely_grave, layout_rooms,
          shapermc_ecumenical_altar_flowoftime, minmay_misc_feat_tower
D:2:      layout_rooms, basic_altar
D:3:      layout_rooms
D:4:      minmay_spotlight, layout_basic, amcnicky_altar_gilded,
          gammafunk_ghost_stat_death, uniq_edmund, uniq_menkaure, uniq_ijyb
D:5:      old_forge, layout_basic, serial_shops, shop, uniq_blork_the_orc
D:6:      layout_gridville, serial_glass, glass_columns_a, glass_columns_a,
          nrook_mini_vaults, chequers_decorated_corner
D:7:      layout_basic, kennysheep_mini, lemuel_doored_altar,
          minmay_temple_entry_poolview, nicolae_wooded_promenade
D:8:      layout_loops_cross, minmay_manual_mullet
D:9:      layout_rooms, david_orc_3, uniq_erica
Temple:   hellmonk_temple_divided_pantheon

Skill      XL: |  1  2  3  4  5  6  7  8  9 10 |
---------------+-------------------------------+-----
Necromancy     | 5 6 7 8 10 12 13 | 13.7
Spellcasting   | 4 5 7 8 10 13 14 | 14.8
Dodging        | 3 4 5 6 |  6.0
Fighting       | 1 |  1.8
Stealth        | |  2.4

Action                   |  1- 3 |  4- 6 |  7- 9 | 10-12 || total
-------------------------+-------+-------+-------+-------++-------
Melee: Unarmed           |     9 |       |       |       ||     9
       Punch             |     1 |     1 |     1 |     2 ||     5
       Hand axe          |       |    20 |    39 |       ||    59
       Staff             |       |       |    81 |    30 ||   111
       Double sword      |       |       |    15 |     4 ||    19
 Cast: Necrotise         |    82 |    33 |       |       ||   115
       Vampiric Draining |       |    51 |   118 |    50 ||   219
       Animate Dead      |       |       |     6 |     6 ||    12
       Sublimation of Bl |       |       |       |     4 ||     4
       Swiftness         |       |       |       |     1 ||     1
  Use: Scroll            |     4 |     8 |     6 |     5 ||    23
       Potion            |       |     1 |       |       ||     1
 Stab: Distracted        |     1 |       |       |     3 ||     4
Armor: Robe              |    15 |    15 |   119 |    52 ||   201
Dodge: Dodged            |    50 |    51 |   170 |    84 ||   355

Table legend: (Time is in decaauts)
 A = Elapsed time spent in this place.
 B = Non-inter-level travel time spent in this place.
 C = Inter-level travel time spent in this place.
 D = Time resting spent in this place.
 E = Time spent auto-exploring this place.
 F = Levels seen in this place.
 G = Mean time per level.
                   A        B        C        D        E       F      G
               +--------+--------+--------+--------+--------+-----+--------+
         Total |  11273 |  10771 |    502 |   1828 |   7301 |  10 | 1127.3 |
       Dungeon |  11232 |  10730 |    502 |   1828 |   7295 |   9 | 1248.0 |
        Temple |     40 |     40 |      0 |      0 |      6 |   1 |   40.0 |
               +--------+--------+--------+--------+--------+-----+--------+

Top non-repeatable levels by time:
     D:4: 2272 daAuts
     D:5: 2113 daAuts
     D:7: 1424 daAuts
     D:6: 1230 daAuts
     D:8: 1073 daAuts
     D:2: 1071 daAuts
     D:3: 1003 daAuts
     D:1: 974 daAuts
     D:9: 69 daAuts
  Temple: 40 daAuts
